 Dungeon Crawl Stone Soup version 0.30-a0-629-gd54f4be4f7 (webtiles) character file.

Game seed: 15666221026064937806

399 voltaire321 the Ducker (level 6, -3/48 HPs)
             Began as a Merfolk Gladiator on Jan 12, 2023.
             Was a Follower of Wu Jian.
             Slain by Duvessa
             ... wielding a +0 rapier
              (6 damage)
             ... on level 5 of the Dungeon.
             The game lasted 00:12:19 (3950 turns).

voltaire321 the Ducker (Merfolk Gladiator)          Turns: 3950, Time: 00:12:19

Health: -3/48      AC:  7    Str: 14    XL:     6   Next: 84%
Magic:  6/6        EV: 14    Int:  8    God:    Wu Jian [*.....]
Gold:   254        SH:  0    Dex: 17    Spells: 5/5 levels left

rFire   . . .      SeeInvis .    a - +0 long sword
rCold   + . .      Faith    .    (no shield)
rNeg    . . .      Spirit   .    y - +1 leather armour {rC+}
rPois   .          Reflect  .    c - +0 helmet
rElec   .          Harm     .    s - +0 cloak
rCorr   .          Rampage  .    (no gloves)
Will    .....                    F - +0 pair of boots
Stlth   +                        (no amulet)
HPRegen 0.28/turn                (no ring)
MPRegen 0.10/turn                (no ring)

@: no status effects
A: (nimble swimmer 2), mertail
a: Renounce Religion


You were on level 5 of the Dungeon.
You worshipped Wu Jian.
Wu Jian was aware of your devotion.
You visited 1 branch of the dungeon, and saw 5 of its levels.

You collected 254 gold pieces.

Inventory:

Hand Weapons
 a - a +0 long sword (weapon)
Missiles
 d - 2 throwing nets
 e - a javelin
 p - 3 poisoned darts (quivered)
 B - 4 boomerangs
Armour
 c - a +0 helmet (worn)
 s - a +0 cloak (worn)
 y - a +1 leather armour of cold resistance (worn)
 F - a +0 pair of boots (worn)
Wands
 n - a wand of iceblast (4)
Scrolls
 f - a scroll of blinking {unknown}
 g - 2 scrolls of fog {unknown}
 h - a scroll of fear {unknown}
 i - 2 scrolls of teleportation {unknown}
 l - 3 scrolls of identify {unknown}
 q - 3 scrolls of noise {unknown}
 u - a scroll of poison {unknown}
 w - a scroll of silence {unknown}
 x - a scroll of enchant weapon {unknown}
 z - a scroll of summoning {unknown}
 A - a scroll of vulnerability {unknown}
 C - a scroll of enchant armour {unknown}
 E - a scroll of torment {unknown}
Potions
 b - 2 potions of brilliance {unknown}
 j - 2 potions of lignification {unknown}
 k - 3 potions of heal wounds {unknown}
 m - 2 potions of curing {unknown}
 o - a potion of ambrosia {unknown}
 r - a potion of berserk rage {unknown}
 t - 2 potions of resistance {unknown}
 v - a potion of attraction {unknown}
 D - a potion of haste {unknown}


   Skills:
 + Level 4.0 Fighting
 + Level 5.1 Long Blades
 + Level 3.5 Throwing
 + Level 2.0 Armour
 + Level 5.6 Dodging


You had 5 spell levels left.
You didn't know any spells.
Your spell library contained the following spells:

 Spells                   Type           Power      Damage    Failure   Level
 Magic Dart               Conj           0%         1d3       47%         1
 Cigotuvi's Dreadful Rot  Necr/Pois/Air  0%         N/A       63%         2
 Poisonous Vapours        Pois/Air       0%         N/A       63%         2
 Searing Ray              Conj           0%         2d4       63%         2
 Mephitic Cloud           Conj/Pois/Air  0%         N/A       85%         3
 Animate Dead             Necr           0%         N/A       99%         4
 Fulminant Prism          Conj/Hex       0%         3d5       99%         4
 Borgnjor's Vile Clutch   Necr/Erth      0%         N/A       100%        5
 Death Channel            Necr           0%         N/A       100%        6


Dungeon Overview and Level Annotations

Branches:
Dungeon (5/15)             Temple (0/1) D:4

Altars:
Makhleb
Qazlal
Wu Jian

Shops:
D:4 (

Annotations:
D:4 1 runed translucent door, Crazy Yiuf
D:5 Dowan, Duvessa


Innate Abilities, Weirdness & Mutations

((You are very nimble when in or above water. (Stealth+, EV+, Speed+++)))
Your lower body shifts to a powerful aquatic tail in water.


Message History

Throw: 4 darts (poison)
Press: ? - help, Q - select action, (/) - cycle Shift-Dir - straight line, f - Duvessa
Aim: Duvessa, wielding a +0 rapier, wearing a +0 leather armour and carrying a wand of flame (12) (lightly wounded, fast, 66% to hit)
You throw a poisoned dart. The poisoned dart hits Duvessa.
Duvessa is poisoned.
Duvessa is lightly wounded.
The orc attacks as you move away! The orc misses you.
Duvessa says, "Where magic fails, the sword succeeds!"
Duvessa closely misses you. Duvessa attacks as you move away!
Duvessa hits you with a +0 rapier.
Duvessa zaps a wand.
The puff of flame hits you! The orc attacks as you move away!
The orc closely misses you. The adder attacks as you move away!
The adder bites you.
You are poisoned.
The adder poisons you!
You feel sick.
Duvessa looks more healthy.
Duvessa attacks as you move away! Duvessa misses you.
You feel sick.
Duvessa zaps a wand.
The puff of flame misses you. The orc attacks as you move away!
The orc hits you with a +0 hand axe.
You feel sick.
Duvessa zaps a wand.
The puff of flame hits you!
You feel sick. The adder attacks as you move away!
The adder closely misses you.
You feel sick.
You slash the adder!
You kill the adder!
The Council accepts your kill.
You feel sick.
You are no longer poisoned.
Your Armour skill increases to level 2!
You hit Duvessa.
Duvessa is heavily wounded.
Duvessa barely misses you. Duvessa hits you with a +0 rapier!
* * * LOW HITPOINT WARNING * * *
You hit Duvessa but do no damage.
Duvessa is heavily wounded.
Duvessa zaps a wand.
The puff of flame misses you.
You barely miss Duvessa.
Duvessa is heavily wounded.
Duvessa hits you with a +0 rapier.
* * * LOW HITPOINT WARNING * * *
Duvessa hits you with a +0 rapier.
You die...

######.............#
#....#.............#
#....#.............#
#....#.............#
#....#.............#
##...#.............#
#....#o....(.......#
#..###e.e..........#
#....@#######......#
#.....#.....#......#
#.....#.....#......#
#.....'.....#......###
#.....#.....#.....(†.(
#.....#.....#.........
#.....#.....#.........
#.....#.....#.........
#........)..#.........


You could see Duvessa (fast), Dowan and an orc.

Vanquished Creatures
  An ice beast (D:5)
  A scorpion (D:5)
  3 gnolls (D:4)
  10 adders
  2 ufetubi
  5 worms
  2 dart slugs (D:3)
  3 orcs (D:3)
  13 ball pythons
  8 endoplasms
  5 giant cockroaches
  10 goblins
  7 hobgoblins
  2 jackals (D:3)
  8 kobolds
  3 quokkas
  12 bats
  7 frilled lizards
102 creatures vanquished.

Notes
Turn   | Place    | Note
-------+----------+-------------------------------------------
     0 | D:1      | voltaire321 the Merfolk Gladiator began the quest for the
                  | Orb.
     0 | D:1      | Reached XP level 1. HP: 16/16 MP: 1/1
    93 | D:1      | Reached XP level 2. HP: 16/23 MP: 2/2
   753 | D:2      | Reached XP level 3. HP: 28/28 MP: 3/3
   908 | D:2      | Found an ornate altar of the Wu Jian Council.
  1287 | D:2      | Reached XP level 4. HP: 22/34 MP: 4/4
  1337 | D:2      | Became a worshipper of the Wu Jian Council
  1685 | D:3      | Reached skill level 1 in Armour
  1999 | D:3      | Reached XP level 5. HP: 29/41 MP: 5/5
  2095 | D:3      | Reached * piety under Wu Jian
  2394 | D:3      | Reached skill level 5 in Dodging
  2752 | D:3      | Found a burning altar of Makhleb.
  2937 | D:4      | Found a runed translucent door.
  2938 | D:4      | Noticed Crazy Yiuf
  3043 | D:4      | Found Pufae's Weapon Shoppe.
  3203 | D:4      | Reached XP level 6. HP: 31/47 MP: 6/6
  3488 | D:4      | Found a staircase to the Ecumenical Temple.
  3780 | D:5      | Entered Level 5 of the Dungeon
  3780 | D:5      | Found a stormy altar of Qazlal.
  3828 | D:5      | Noticed an ice beast
  3843 | D:5      | Killed an ice beast
  3844 | D:5      | Reached skill level 5 in Long Blades
  3921 | D:5      | Noticed Dowan
  3922 | D:5      | Noticed Duvessa
  3950 | D:5      | Slain by Duvessa

Illustrated notes

Levels and vault maps discovered:
D:1:      nicolae_arrival_washed_ashore, layout_basic
D:2:      layout_loops_ring, basic_altar, minmay_puff
D:3:      minmay_recursive_quarters, layout_basic, lemuel_round_altar,
          minmay_pentangle
D:4:      layout_cave_pods, temple_green, serial_shops, nicolae_shop_stone,
          serial_column_ruins, column_ruins_hut_ruined,
          column_ruins_square_small, column_ruins_corridor_straight,
          column_ruins_open_tiny, column_ruins_open_tiny,
          column_ruins_open_medium_water, column_ruins_open_large,
          uniq_crazy_yiuf_cottage
D:5:      layout_gridville, lemuel_crystal_altar, uniq_duvessa,
          uniq_blork_the_orc

Skill      XL: |  1  2  3  4  5  6 |
---------------+-------------------+-----
Long Blades    | 4 5 |  5.1
Armour         | 1 2 |  2.0
Fighting       | 3 4 |  4.0
Dodging        | 5 |  5.6
Throwing       | 3 |  3.5

Action                   |  1- 3 |  4- 6 || total
-------------------------+-------+-------++-------
Melee: Long sword        |    87 |   243 ||   330
       Punch             |     1 |     2 ||     3
Throw: Dart              |       |    26 ||    26
       Throwing net      |       |     1 ||     1
Invok: Lunge             |       |    10 ||    10
       Whirlwind         |       |     2 ||     2
 Stab: Sleeping          |     2 |     1 ||     3
Armor: Leather armour    |     8 |    43 ||    51
       Ring mail         |    20 |    43 ||    63
Dodge: Dodged            |    44 |   240 ||   284

Table legend: (Time is in decaauts)
 A = Elapsed time spent in this place.
 B = Non-inter-level travel time spent in this place.
 C = Inter-level travel time spent in this place.
 D = Time resting spent in this place.
 E = Time spent auto-exploring this place.
 F = Levels seen in this place.
 G = Mean time per level.
                   A        B        C        D        E       F      G
               +--------+--------+--------+--------+--------+-----+--------+
         Total |   4000 |   3855 |    145 |    226 |   2533 |   5 |  800.0 |
       Dungeon |   4000 |   3855 |    145 |    226 |   2533 |   5 |  800.0 |
               +--------+--------+--------+--------+--------+-----+--------+

Top non-repeatable levels by time:
     D:3: 1285 daAuts
     D:2: 981 daAuts
     D:4: 865 daAuts
     D:1: 696 daAuts
     D:5: 170 daAuts
